 Dungeon Crawl Stone Soup version 0.21.1-1-g345015f (webtiles) character file.

232 komo4ek the Ruffian (level 5, -9/42 HPs)
             Began as a Draconian Transmuter on Feb 6, 2018.
             Splashed by Ijyb's acid (15 damage)
             ... on level 4 of the Dungeon.
             The game lasted 00:08:11 (2793 turns).

komo4ek the Ruffian (Draconian Transmuter)          Turns: 2793, Time: 00:08:12

Health: -9/42      AC:  4    Str: 12    XL:     5   Next: 73%
Magic:  5/9        EV: 12    Int: 15    God:
Gold:   106        SH:  0    Dex: 11    Spells: 6/9 levels left

rFire    . . .     SeeInvis .     - Unarmed
rCold    . . .     Gourm    .   (no shield)
rNeg     + . .     Faith    .   (armour unavailable)
rPois    .         Spirit   .   y - +0 hat
rElec    .         Reflect  .   d - +0 cloak
rCorr    .         Harm     .   l - +2 pair of gloves
MR       .....                  j - -2 pair of boots (curse)
Stlth    +.........             (no amulet)
HPRegen  0.14/turn              (no ring)
MPRegen  0.11/turn              p - ring of positive energy

@: corroded, very slightly contaminated
A: unfitting armour, cold-blooded, AC +5
a: no special abilities


You were on level 4 of the Dungeon.
You were hungry.

You visited 1 branch of the dungeon, and saw 4 of its levels.

You collected 106 gold pieces.

Inventory:

Hand Weapons
 o - a +2 short sword of venom
Missiles
 a - 25 arrows
 f - 89 stones (quivered)
 t - 2 tomahawks
 v - 21 bolts
Armour
 d - a +0 cloak (worn)
 j - a cursed -2 pair of boots (worn)
 l - a +2 pair of gloves (worn)
 y - a +0 hat (worn)
Jewellery
 n - an uncursed amulet of guardian spirit
 p - a ring of positive energy (right hand)
Scrolls
 k - a scroll of enchant weapon
Potions
 g - a potion of ambrosia
 h - a potion of lignification
 i - a potion of curing
 m - a potion of mutation {unknown}
 q - 2 potions of haste
 s - a potion of heal wounds {unknown}
 u - a potion of flight {unknown}
Books
 b - a book of Changes

   Spells                             Type                      Level
   a - Beastly Appendage              Transmutation                1
   b - Sticks to Snakes               Transmutation                2
   c - Spider Form                    Transmutation/Poison         3
   d - Ice Form                       Ice/Transmutation            4
   e - Blade Hands                    Transmutation                5
 x - a book of Misfortune

   Spells                             Type                      Level
   a - Confusing Touch                Hexes                        1
   b - Confuse                        Hexes                        3
   c - Gell's Gravitas                Translocation                3
   d - Petrify                        Transmutation/Earth          4
   e - Metabolic Englaciation         Hexes/Ice                    5
   f - Yara's Violent Unravelling     Hexes/Transmutation          5
Comestibles
 c - 6 rations


   Skills:
 + Level 2.6 Fighting
 + Level 2.7 Dodging
 + Level 4.3 Unarmed Combat
 + Level 2.9 Spellcasting
 + Level 3.2 Transmutations


You had 6 spell levels left.
You knew the following spells:

 Your Spells              Type           Power        Failure   Level  Hunger
a - Beastly Appendage     Tmut           ##....       5%          1    #......
b - Sticks to Snakes      Tmut           ##......     9%          2    ##.....


Dungeon Overview and Level Annotations

Branches:
Dungeon (4/15)
 Temple: D:4-7

Altars:
Xom

Annotations:
D:4 Ijyb


Innate Abilities, Weirdness & Mutations

Your plain brown scales are hard. (AC +5)
You cannot fit into any form of body armour.
You are cold-blooded and may be slowed by cold attacks.


Message History

Level annotation: Ijyb You hear the slow rusting of a very distant drain.
Ijyb screams, "Me stronger than you!"
Ijyb zaps a wand.
The bolt of acid misses you. Ijyb screams, "Me stronger than you!"
There is a stone staircase leading up here.
Casting: Beastly Appendage
Confirm with . or Enter, or press ? or * to list all spells.
You miscast Sticks to Snakes.
You are very lightly contaminated with residual magic.
You feel a strange surge of energy!
Casting: Sticks to Snakes
Confirm with . or Enter, or press ? or * to list all spells.
You create a snake!
You now have 25 arrows.
Ijyb zaps a wand.
The bolt of acid hits you!
You are splashed with acid!
The acid burns!
Your ball python barely misses Ijyb.
Your ball python grabs Ijyb.
Your ball python constricts Ijyb.
Ijyb zaps a wand.
The bolt of acid hits you!
* * * LOW HITPOINT WARNING * * *
The acid corrodes you!
You are splashed with acid!
The acid burns!
You die...

############
#.#........#
#.#[#####..#
#.#.#####@.#
#......<#..#
#.#.#####.S# #.#.#
#g.#
#.#.#####..#####
##........>.......
#.....####........
#.....'...[.######
#.....########


You could see Ijyb and a friendly ball python.

Vanquished Creatures
  3 crimson imps (D:3)
  A hound (D:3)
  3 adders (D:3)
  A shadow imp (D:2)
  An ooze (D:1)
  3 dart slugs
  2 worms
  A leopard gecko (D:1)
  4 orcs (D:3)
  2 bats (D:3)
  5 giant cockroaches
  2 goblins (D:3)
  5 hobgoblins
  4 jackals (D:1)
  4 kobolds
  A quokka (D:2)
  A ball python (D:2)
  3 frilled lizards
  A jackal skeleton (D:3)
  8 rats
55 creatures vanquished.

Vanquished Creatures (collateral kills)
  A hobgoblin (D:2)
  A quokka (D:2)
2 creatures vanquished.

Grand Total: 57 creatures vanquished

Notes
Turn   | Place    | Note
-------+----------+-------------------------------------------
     0 | D:1      | komo4ek the Draconian Transmuter began the quest for the Orb.
     0 | D:1      | Reached XP level 1. HP: 16/16 MP: 3/3
   295 | D:1      | Reached XP level 2. HP: 16/23 MP: 3/5
   328 | D:1      | Learned a level 2 spell: Sticks to Snakes
   737 | D:1      | Reached XP level 3. HP: 26/28 MP: 6/6
  2061 | D:3      | Reached XP level 4. HP: 35/36 MP: 7/7
  2164 | D:3      | Found a shimmering altar of Xom.
  2200 | D:3      | Reached skill level 4 in Unarmed Combat
  2215 | D:3      | Reached XP level 5. HP: 35/41 MP: 7/9
  2605 | D:4      | Noticed Ijyb
  2793 | D:4      | Splashed by Ijyb's acid

Skill      XL: |  1  2  3  4 |
---------------+-------------+-----
Dodging        | 2 |  2.7
Fighting       | 2 |  2.6
Unarmed Combat | 4 |  4.3
Transmutations | 3 |  3.2
Spellcasting   | |  2.9

Action                   |  1- 3 |  4- 6 || total
-------------------------+-------+-------++-------
Melee: Unarmed           |   150 |    93 ||   243
       Tailslap          |    22 |     6 ||    28
       Kick              |     6 |     2 ||     8
       Punch             |     3 |       ||     3
       Headbutt          |       |     7 ||     7
       Short sword       |       |     7 ||     7
 Cast: Beastly Appendage |     3 |     4 ||     7
       Sticks to Snakes  |     4 |     1 ||     5
  Use: Scroll            |     4 |     4 ||     8
 Stab: Sleeping          |     1 |       ||     1
  Eat: Chunk             |     4 |     2 ||     6
Armor: Skin              |    39 |    36 ||    75
Dodge: Dodged            |    94 |    53 ||   147
